 Dungeon Crawl Stone Soup version 0.22.0 (console) character file.

158 Calamarain the Cudgeler (level 5, 0/48 HPs)
             Began as a Gargoyle Fighter on Aug 12, 2018.
             Was an Initiate of the Shining One.
             Slain by a gnoll
             ... wielding a +0 halberd
              (5 damage)
             ... on level 3 of the Dungeon.
             The game lasted 00:05:26 (2032 turns).

Calamarain the Cudgeler (Gargoyle Fighter)          Turns: 2032, Time: 00:05:26

Health: 0/48       AC: 22    Str: 24    XL:     5   Next: 39%
Magic:  5/5        EV:  2    Int:  9    God:    the Shining One [......]
Gold:   71         SH: 10    Dex: 15    Spells: 4/4 levels left

rFire    . . .     SeeInvis .   a - +0 flail
rCold    . . .     Gourm    .   c - +0 shield
rNeg     + + +     Faith    .   (armour currently unavailable)
rPois    ∞         Spirit   .   (helmet currently unavailable)
rElec    .         Reflect  .   (cloak currently unavailable)
rCorr    .         Harm     .   (gloves currently unavailable)
MR       .....     NoTele   +   (boots currently unavailable)
Stlth    +.........             (no amulet)
HPRegen  0.16/turn              (no ring)
MPRegen  0.09/turn              (no ring)

@: mighty, agile, tree-form, glowing
A: negative energy resistance 1, petrification resistance, rot immunity, AC +4
a: Renounce Religion


You were on level 3 of the Dungeon.
You worshipped the Shining One.
The Shining One was noncommittal.
You were not hungry.
You were a tree.
You visited 1 branch of the dungeon, and saw 3 of its levels.

You collected 71 gold pieces.

Inventory:

Hand Weapons
 a - a +0 flail (weapon)
Armour
 b - a +0 scale mail (melded)
 c - a +0 shield (worn)
 m - a +0 pair of gloves (melded)
 n - a +0 large shield
Scrolls
 l - a scroll of teleportation {unknown}
Potions
 h - 2 potions of lignification
 i - 2 potions of magic {unknown}
 j - a potion of curing {unknown}
 k - 2 potions of brilliance {unknown}
Comestibles
 f - 5 rations
 g - 7 chunks of flesh


   Skills:
 + Level 3.4 Fighting
 * Level 5.2 Maces & Flails
 + Level 3.3 Armour
 + Level 3.4 Shields


You had 4 spell levels left.
You didn't know any spells.
Your spell library was empty.

Dungeon Overview and Level Annotations

Branches:
Dungeon (3/15)

Altars:
The Shining One


Innate Abilities, Weirdness & Mutations

You are resistant to torment.
((Your stone body is resilient. (AC +4)))
You are immune to poison.
You resist negative energy. (rN+)
((You are resistant to electric shocks. (rElec)))
((You can survive without breathing.))
You are immune to petrification.
You are immune to rotting.


Message History

You cannot move.
You cannot move.
The gnoll hits you but does no damage. The gnoll hits you but does no damage.
The gnoll hits you from afar with a halberd.
* * * LOW HITPOINT WARNING * * *
The gnoll hits you but does no damage.
Unknown command.
The gnoll hits you but does no damage. You block the gnoll's attack.
The gnoll hits you but does no damage. You block the gnoll's attack.
The gnoll hits you but does no damage. The gnoll hits you but does no damage.
The gnoll completely misses you. You block the gnoll's attack.
The gnoll hits you but does no damage. The gnoll hits you but does no damage.
The gnoll hits you from afar with a halberd.
You die...

.####....#....#
..o...##.#..#.####### ..
#...............# #.#
#####g..).........#
##..####....g##..........###
........g######............#
.........# #####...####..
.........###### #.#.######
.........g)♣..# ...#.......
...........###......########.
....####.#..# ###.. ...#..
#..####.##.## #.######...P
###....#.##..#####.....###..P
.........###..##.......###...
.....###....#.<..............
........#..............#####.
.........#.............#####.


You could see a gnoll.

Vanquished Creatures
  4 adders (D:2)
  3 gnolls (D:3)
  An ooze (D:3)
  A worm (D:2)
  A dart slug (D:2)
  2 leopard geckos (D:2)
  2 orcs (D:3)
  3 ball pythons
  10 bats
  7 giant cockroaches (D:1)
  9 hobgoblins
  6 jackals (D:2)
  2 quokkas (D:2)
  4 frilled lizards
  6 goblins
  7 kobolds
  11 rats
79 creatures vanquished.

Notes
Turn   | Place    | Note
-------+----------+-------------------------------------------
     0 | D:1      | Calamarain the Gargoyle Fighter began the quest for the Orb.
     0 | D:1      | Reached XP level 1. HP: 14/14 MP: 1/1
   103 | D:1      | Reached XP level 2. HP: 15/19 MP: 2/2
   209 | D:1      | Reached skill level 3 in Maces & Flails
   605 | D:1      | Reached XP level 3. HP: 20/23 MP: 3/3
   872 | D:2      | Reached skill level 4 in Maces & Flails
   923 | D:2      | Reached XP level 4. HP: 28/28 MP: 4/4
  1531 | D:2      | You fall through a shaft!
  1838 | D:2      | Reached skill level 5 in Maces & Flails
  1873 | D:3      | Reached XP level 5. HP: 31/32 MP: 5/5
  1941 | D:3      | Found a glowing golden altar of the Shining One.
  1944 | D:3      | Became a worshipper of the Shining One
  2032 | D:3      | Slain by a gnoll

Skill      XL: |  1  2  3  4 |
---------------+-------------+-----
Maces & Flails | 3 4 5 |  5.2
Fighting       | |  3.4
Armour         | |  3.3
Shields        | |  3.4

Action                   |  1- 3 |  4- 6 || total
-------------------------+-------+-------++-------
Melee: Flail             |   128 |   166 ||   294
  Use: Potion            |       |     3 ||     3
  Eat: Chunk             |       |     4 ||     4
Armor: Scale mail        |    74 |    98 ||   172
       Skin              |       |    14 ||    14
Dodge: Dodged            |    35 |    64 ||    99
Block: Shield            |    68 |   118 ||   186
